 Dungeon Crawl Stone Soup version 0.21.1-1-g345015f (webtiles) character file.

217 inc the Scratcher (level 5, 24/24 HPs)
             Began as a Felid Monk on Mar 7, 2018.
             Was a Believer of Wu Jian.
             Quit the game on level 4 of the Dungeon.
             The game lasted 00:04:33 (3435 turns).

inc the Scratcher (Felid Monk)                      Turns: 3435, Time: 00:04:33

Health: 24/24      AC:  2    Str:  7    XL:     5   Next: 61%
Magic:  6/6        EV: 19    Int: 14    God:    Wu Jian [**....]
Gold:   125        SH:  0    Dex: 18    Spells: 4/4 levels left
                                        Lives:  0   Deaths: 1

rFire    + . .     SeeInvis +     - Unarmed
rCold    . . .     Gourm    .   (shield unavailable)
rNeg     . . .     Faith    .   (armour unavailable)
rPois    .         Spirit   .   (helmet unavailable)
rElec    .         Reflect  .   (cloak unavailable)
rCorr    .         Harm     .   (gloves unavailable)
MR       .....                  (boots unavailable)
Stlth    +++.......             (no amulet)
HPRegen  0.08/turn              c - ring of protection from fire
MPRegen  0.10/turn              (no ring)

@: quick
A: very small, no armour, no weapons or thrown items, stealth, claws 1, fangs 3,
see invisible, carnivore, speed 1, shaggy fur 2, slow metabolism 1, sharp paws
a: Wall Jump, Renounce Religion


You were on level 4 of the Dungeon.
You worshipped Wu Jian.
Wu Jian was pleased with you.
You were not hungry.

You visited 1 branch of the dungeon, and saw 4 of its levels.

You collected 125 gold pieces.

Inventory:

Jewellery
 c - a ring of protection from fire (left paw)
Wands
 m - a wand of acid (10)
 p - a wand of random effects (24)
Scrolls
 b - a scroll of teleportation {unknown}
 f - 2 scrolls of remove curse
 g - 2 scrolls of identify
 h - a scroll of noise {unknown}
 i - 2 scrolls of enchant weapon {unknown}
 j - a scroll of random uselessness {unknown}
 k - a scroll of enchant armour {unknown}
 l - a scroll of amnesia {unknown}
Potions
 d - a potion of resistance
 e - 3 potions of brilliance
 q - a potion of might {unknown}
Comestibles
 a - 4 rations


   Skills:
 - Level 3.0 Fighting
 - Level 4.0 Dodging
 - Level 2.6 Stealth
 + Level 7.6 Unarmed Combat


You had 4 spell levels left.
You didn't know any spells.

Dungeon Overview and Level Annotations

Branches:
Dungeon (4/15)
 Temple: D:4-7

Altars:
Gozag
Qazlal
Trog
Wu Jian
Xom

Annotations:
D:3 2 transporters


Innate Abilities, Weirdness & Mutations

You cannot wear armour.
You are incapable of wielding weapons or throwing items.
Your paws allow you to move quietly. (Stealth)
You have sharp claws.
You have razor-sharp teeth.
You have supernaturally acute eyesight. (SInv)
You are carnivorous and can eat meat at any time.
You cover ground quickly.
You are covered in thick fur. (AC +2)
You have a slow metabolism.
Your sharp claws are effective at attacking unaware monsters.


Message History

The orc wizard barely misses you.
You barely miss the orc wizard.
The orc wizard is almost dead.
The orc barely misses you. The orc wizard misses you.
You scratch the orc wizard.
You kill the orc wizard!
The Council accepts your kill.
The orc hits you with a war axe of venom!
* * * LOW HITPOINT WARNING * * *
You are lethally poisoned!
It was a potion of degeneration.
There was something very wrong with that liquid.
You feel weakened.
You feel dopey.
You feel clumsy.
* * * LOW HITPOINT WARNING * * *
You feel sick.
The orc hits you with a war axe of venom.
You die...
You are now level 5!
You rejoin the land of the living...
Are you sure you want to abandon this character and quit the game? (Confirm with "yes".)

.....#
.....+
.....#
.....#
.....#
...###
...# ...#
#########
##[#
#@.......
#)#
#.#######
#.# #.#
#.# #.#
#.# #.#
#.# #.#
#.# #.#
#.# #.#
#.#


There were no monsters in sight!

Vanquished Creatures
  3 hounds
  3 orc wizards (D:4)
  Natasha (D:3)
  A worker ant (D:2)
  10 adders
  An ooze (D:4)
  An adder skeleton (D:4)
  A dart slug (D:2)
  4 leopard geckos
  10 orcs
  A ball python (D:2)
  6 giant cockroaches
  8 goblins
  13 hobgoblins
  4 jackals (D:2)
  3 quokkas (D:3)
  9 bats
  6 frilled lizards
  7 kobolds
  3 rats
95 creatures vanquished.

Notes
Turn   | Place    | Note
-------+----------+-------------------------------------------
     0 | D:1      | inc the Felid Monk began the quest for the Orb.
     0 | D:1      | Reached XP level 1. HP: 10/10 MP: 2/2
   486 | D:1      | Reached XP level 2. HP: 14/14 MP: 3/3
   726 | D:1      | Reached skill level 4 in Unarmed Combat
  1121 | D:2      | Reached XP level 3. HP: 17/17 MP: 4/4
  1211 | D:2      | Reached skill level 5 in Unarmed Combat
  1211 | D:2      | Reached XP level 4. HP: 18/21 MP: 5/5
  2013 | D:3      | Reached XP level 5. HP: 14/24 MP: 6/6
  2036 | D:3      | Reached skill level 6 in Unarmed Combat
  2292 | D:3      | Found a bloodstained altar of Trog.
  2311 | D:3      | Found an opulent altar of Gozag.
  2313 | D:3      | Found a transporter.
  2326 | D:3      | Found a transporter.
  2538 | D:3      | Found a stormy altar of Qazlal.
  2646 | D:3      | Noticed Natasha
  2655 | D:3      | Killed Natasha
  2655 | D:3      | Gained mutation: You are covered in thick fur. (AC +2) [Felid growth]
  2655 | D:3      | Reached XP level 6. HP: 8/28 MP: 7/7
  3039 | D:4      | Reached skill level 7 in Unarmed Combat
  3295 | D:4      | Found an ornate altar of the Wu Jian Council.
  3368 | D:4      | Became a worshipper of the Wu Jian Council
  3368 | D:4      | Reached * piety under Wu Jian
  3368 | D:4      | Reached ** piety under Wu Jian
  3384 | D:4      | Found a shimmering altar of Xom.
  3434 | D:4      | Slain by an orc
  3435 | D:4      | Reached XP level 5. HP: -4/24 MP: 6/6
  3435 | D:4      | Quit the game

Skill      XL: |  1  2  3  4  5  6 |
---------------+-------------------+-----
Unarmed Combat | 4 5 6 7 |  7.6
Fighting       | |  3.0
Dodging        | |  4.0
Stealth        | |  2.6

Action                   |  1- 3 |  4- 6 || total
-------------------------+-------+-------++-------
Melee: Unarmed           |    73 |   178 ||   251
       Bite              |     3 |    18 ||    21
       Punch             |       |     2 ||     2
Invok: Lunge             |       |     3 ||     3
  Use: Scroll            |     1 |     1 ||     2
       Potion            |       |     4 ||     4
 Stab: Sleeping          |     9 |    15 ||    24
       Distracted        |       |     1 ||     1
  Eat: Chunk             |       |     4 ||     4
Armor: Skin              |     6 |     5 ||    11
Dodge: Dodged            |    52 |   117 ||   169
